Map: Ultralove

Players

BattleB

  • Race: Terran Terran
  • League: Grandmaster
  • Spawn Location: 7:00

Lambo - Winner!

  • Race: Zerg Zerg
  • Spawn Location: 1:00

Event: HomeStory Cup XXVI

VOD

Have the link to the VOD?

Description

Time

  • Played on: Nov. 29, 2024, 6:39 a.m.
  • Length: 17:26

All games in this series

Show
View Real Time Build Order
Export as new Build Order

BattleB Terran 

Build Orders:  

Get SALT Encoding   

  12  0:00  SCV  
  13  0:12  SCV  
  14  0:18  Supply Depot  
  14  0:25  SCV  
  15  0:39  SCV  
  15  0:41  Barracks  
  16  0:44  Refinery  
  16  0:51  SCV  
  17  0:59  Barracks  
  17  1:04  SCV  
  18  1:16  SCV  
  19  1:28  Orbital Command, Reaper  
  19  1:32  Supply Depot  
  20  1:47  Reaper  
  20  1:53  SCV  
  22  2:04  Reaper  
  22  2:05  SCV  
  24  2:12  Command Center  
  24  2:16  Refinery  
  24  2:17  SCV  
  25  2:25  Reaper  
  26  2:30  SCV  
  27  2:43  SCV  
  28  2:45  Command Center  
  28  2:55  SCV  
  29  2:59  Factory  
  29  3:00  Barracks Reactor  
  29  3:07  SCV  
  29  3:11  Barracks Tech Lab  
  31  3:20  SCV  
  30  3:30  Orbital Command, Marine, Stimpack  
  30  3:32  SCV  
  29  3:36  Marine x2  
  31  3:44  SCV, Starport  
  31  3:47  Hellion  
  34  3:54  Marine x2  
  37  3:56  SCV  
  37  3:57  SCV  
  37  4:00  Orbital Command  
  38  4:06  Marine  
  38  4:09  Factory Reactor  
  39  4:10  SCV x2  
  39  4:13  Marine  
  39  4:15  Marine  
  43  4:22  SCV x2  
  45  4:26  SCV  
  45  4:28  Supply Depot  
  45  4:29  Marine  
  47  4:31  Marine  
  47  4:32  Marine  
  47  4:34  SCV x2  
  47  4:38  SCV  
  52  4:45  Supply Depot  
  52  4:46  SCV x2  
  52  4:47  Marine  
  52  4:49  Marine, Medivac  
  52  4:50  SCV, Marine, Medivac  
  52  4:51  Factory Tech Lab  
  62  4:53  Refinery  
  62  4:54  Engineering Bay  
  62  4:58  SCV x2  
  64  5:00  Engineering Bay  
  64  5:03  SCV  
  64  5:04  Marine  
  66  5:08  Supply Depot  
  66  5:10  SCV x2  
  66  5:12  Siege Tank, Refinery  
  71  5:14  Marine  
  71  5:15  Marine  
  71  5:17  Orbital Command  
  73  5:22  Terran Infantry Weapons Level 1, SCV x2  
  73  5:27  Combat Shield  
  73  5:31  Marine  
  73  5:32  Marine  
  73  5:33  Barracks  
  73  5:34  SCV, Starport Reactor  
  76  5:37  SCV  
  76  5:39  Marine  
  78  5:44  SCV, Terran Infantry Armor Level 1  
  78  5:45  Supply Depot  
  78  5:46  SCV  
  80  5:55  SCV  
  81  5:58  Marine  
  81  5:59  Marine  
  81  6:00  Siege Tank  
  85  6:05  Barracks x2  
  85  6:06  SCV, Marine  
  85  6:07  SCV  
  85  6:08  Supply Depot  
  85  6:10  Supply Depot  
  88  6:14  Medivac  
  88  6:15  Medivac  
  88  6:18  Marine x2  
  92  6:19  SCV x2  
  92  6:20  SCV  
  92  6:23  Marine x2  
  99  6:27  Marine  
  99  6:31  Supply Depot  
  100  6:33  SCV, Armory  
  100  6:34  Supply Depot  
  100  6:37  Siege Tank  
  104  6:40  Marine x2  
  104  6:44  SCV x2  
  104  6:45  Marine x2  
  110  6:54  Medivac x2  
  110  6:57  Marine  
  110  6:59  Marine x2, Barracks Reactor x2  
  117  7:04  Marine  
  117  7:07  Marine  
  119  7:12  Siege Tank  
  119  7:15  Marine, Refinery  
  122  7:17  Marine x2, Barracks x2  
  122  7:20  SCV  
  122  7:22  Marine, Barracks  
  127  7:25  Marine  
  127  7:28  Medivac  
  104  7:31  Medivac  
  104  7:33  SCV, Marine  
  104  7:34  Marine x2  
  104  7:36  SCV x2, Marine  
  104  7:37  Marine x3  
  111  7:40  Marine  
  111  7:42  Terran Infantry Weapons Level 2  
  111  7:43  Marine  
  116  7:51  Marine  
  117  7:52  Marine x2  
  117  7:54  Siege Tank, Marine x3  
  117  7:55  Marine  
  117  7:58  Marine  
  127  7:59  SCV  
  127  8:00  Supply Depot x2, SCV  
  127  8:01  Supply Depot, Marine  
  127  8:03  Marine  
  131  8:06  Marine, Terran Infantry Armor Level 2  
  131  8:08  Marine  
  133  8:13  Supply Depot  
  133  8:15  Marine x8  
  141  8:21  Marine x2  
  141  8:22  Supply Depot  
  141  8:24  Marine  
  141  8:26  Marine  
  144  8:31  Siege Tank  
  144  8:33  Marine x8  
  153  8:35  Liberator x2  
  153  8:39  Marine x2  
  161  8:41  Marine  
  161  8:42  Supply Depot  
  161  8:43  Supply Depot  
  161  8:44  Marine  
  163  8:50  Supply Depot, Terran Vehicle Weapons Level 1  
  163  8:51  Marine x7  
  163  8:53  Marine  
  171  8:57  Marine  
  171  9:02  Marine x3  
  170  9:08  Marine x6  
  170  9:09  Marine  
  177  9:10  Supply Depot  
  177  9:11  Marine  
  177  9:13  Siege Tank  
  177  9:15  Marine  
  181  9:19  Marine x2  
  181  9:20  Marine  
  181  9:22  Liberator x2  
  190  9:26  Marine x2  
  190  9:27  Marine  
  190  9:30  Marine x2  
  195  9:33  Marine  
  195  9:34  Marine x2  
  195  9:35  Marine  
  195  9:37  Marine x2  
  200  9:40  Marine  
  200  9:44  Marine x3  
  197  9:47  Supply Depot  
  197  9:48  Marine x2  
  197  9:51  Marine  
  197  9:52  Marine  
  200  9:56  Marine  
  200  9:58  Marine  
  200  9:59  Marine  
  180  10:02  Marine  
  180  10:03  Marine  
  180  10:04  Marine  
  147  10:07  Marine  
  147  10:10  Marine  
  147  10:11  Siege Tank, Marine x2  
  147  10:14  Marine  
  154  10:16  Marine  
  154  10:18  Terran Infantry Weapons Level 3  
  154  10:20  Marine  
  158  10:21  Liberator  
  158  10:22  Liberator, Marine  
  158  10:23  Marine  
  163  10:31  Marine  
  163  10:35  Marine x2  
  164  10:38  Marine x2  
  164  10:41  Marine  
  161  10:43  Cyclone  
  161  10:44  Marine x3  
  161  10:45  Marine x3  
  161  10:48  Marine  
  167  10:53  Marine x2  
  167  10:55  Marine  
  167  10:56  Marine  
  164  10:59  Marine  
  164  11:01  Marine  
  164  11:02  Marine x3  
  164  11:03  Marine x2  
  167  11:06  Marine  
  167  11:11  Marine x2  
  163  11:12  Liberator  
  163  11:13  Marine x2  
  163  11:16  Marine  
  169  11:19  Marine  
  169  11:20  Marine x4  
  169  11:21  Marine  
  169  11:23  Siege Tank  
  169  11:24  Marine  
  178  11:29  Marine x2  
  178  11:31  Marine x2  
  163  11:34  Marine  
  163  11:37  Marine  
  163  11:38  Marine x5  
  170  11:42  Marine  
  170  11:46  Marine  
  170  11:47  Marine, Liberator  
  172  11:49  Marine x2  
  172  11:52  Marine  
  179  11:55  Marine x3  
  179  11:56  Marine x3  
  179  12:00  Marine  
  186  12:04  Marine x2  
  186  12:07  Marine x2  
  189  12:10  Marine  
  189  12:13  Marine x3  
  189  12:14  Marine x3  
  190  12:17  Marine  
  190  12:22  Marine x2  
  188  12:24  Marine  
  188  12:25  Marine, Liberator  
  188  12:28  Marine  
  159  12:30  Marine  
  159  12:31  Marine x3  
  159  12:32  Marine x2  
  159  12:35  Marine  
  159  12:40  Marine x2  
  159  12:42  Marine x2  
  160  12:46  Marine  
  160  12:48  Marine  
  160  12:49  Marine x4  
  160  12:50  Marine  
  151  12:52  Orbital Command  
  151  12:53  Marine  
  151  12:58  Marine x2  
  142  13:00  Marine  
  142  13:01  Marine  
  142  13:03  Marine  
  130  13:06  Marine  
  130  13:07  Marine  
  132  13:12  Marine  
  132  13:13  Marine  
  132  13:15  Marine  
  132  13:16  Marine  
  132  13:19  Marine x2  
  138  13:25  Marine x3  
  141  13:28  Orbital Command  
  141  13:46  Orbital Command  
  141  13:47  Liberator  
  141  13:48  Liberator  
  128  14:21  Orbital Command  
  128  14:22  Barracks Tech Lab  
  128  14:23  Barracks Tech Lab, Siege Tank  
  132  14:24  Marine  
  132  14:25  Marine x2  
  132  14:29  Terran Vehicle And Ship Armor Level 1  
  132  14:30  Terran Infantry Armor Level 3  
  130  14:41  Liberator x2  
  127  14:55  Marauder  
  118  15:10  Barracks Tech Lab  
  118  15:12  Siege Tank  
  123  15:28  Marauder  
  123  15:32  Marine x4  
  116  15:39  Orbital Command  
  94  15:59  Marauder  
  80  16:12  Orbital Command  
  72  16:25  Liberator  
Show
View Real Time Build Order
Export as new Build Order

Lambo Zerg - Winner!

Build Orders: Hatch First 

Get SALT Encoding   

  12  0:00  Drone  
  13  0:07  Drone  
  14  0:14  Extractor  
  14  0:15  Drone  
  15  0:21  Overlord  
  15  0:39  Drone  
  16  0:44  Hatchery  
  16  0:48  Drone  
  16  0:52  Drone  
  16  0:55  Drone  
  18  1:06  Extractor  
  18  1:11  Spawning Pool  
  16  1:14  Drone  
  16  1:17  Drone  
  18  1:26  Drone  
  19  1:37  Drone  
  20  1:48  Overlord  
  20  1:57  Queen x2  
  20  1:58  Zergling x2  
  20  2:00  Zergling x2  
  26  2:07  Metabolic Boost  
  26  2:09  Zergling x2  
  26  2:12  Drone  
  28  2:18  Drone  
  29  2:25  Drone  
  30  2:30  Drone  
  30  2:33  Overlord  
  30  2:36  Queen  
  33  2:43  Drone x2  
  35  2:51  Queen  
  37  2:54  Drone x2  
  39  3:02  Overlord  
  39  3:06  Zergling x8  
  39  3:07  Drone  
  44  3:21  Spore Crawler  
  44  3:22  Drone x4  
  47  3:29  Drone  
  47  3:32  Hatchery  
  46  3:38  Overlord  
  46  3:39  Drone  
  46  3:40  Drone  
  48  3:46  Overlord  
  48  3:47  Drone x3  
  51  3:50  Extractor  
  51  3:52  Drone x2  
  52  3:58  Drone  
  52  4:02  Queen  
  55  4:06  Overlord  
  55  4:07  Drone x3  
  58  4:14  Drone x2  
  60  4:19  Drone x3  
  60  4:21  Queen  
  65  4:26  Drone x2  
  67  4:32  Overlord  
  67  4:37  Drone x2  
  69  4:38  Drone  
  69  4:44  Evolution Chamber  
  69  4:46  Drone x2  
  69  4:47  Evolution Chamber  
  70  4:53  Drone x4  
  70  4:57  Drone x2, Hatchery  
  70  4:59  Drone  
  76  5:03  Baneling Nest  
  76  5:06  Drone, Lair, Extractor  
  75  5:11  Drone x3  
  78  5:16  Zerg Ground Armor Level 1  
  78  5:18  Extractor  
  78  5:19  Drone x4  
  78  5:21  Drone x2  
  83  5:29  Queen  
  85  5:36  Zergling x10, Zerg Melee Weapons Level 1  
  90  5:44  Overlord  
  90  5:47  Overlord  
  90  5:50  Overlord x2  
  90  5:59  Overlord  
  89  6:05  Centrifugal Hooks, Baneling x3, Queen  
  89  6:06  Baneling x3, Zergling x12  
  89  6:07  Overlord x2  
  89  6:10  Zergling x8  
  101  6:12  Queen  
  101  6:15  Zergling x6  
  101  6:17  Zergling x4  
  101  6:18  Zergling x2  
  109  6:19  Drone  
  109  6:24  Zergling x6  
  113  6:32  Zergling x8  
  116  6:38  Overlord  
  116  6:39  Zergling x6  
  119  6:41  Hatchery  
  119  6:45  Drone x3  
  121  6:48  Zergling x2  
  121  6:49  Zergling x8  
  126  6:54  Zergling x6  
  126  6:59  Baneling x4  
  126  7:00  Baneling  
  126  7:01  Baneling x6  
  127  7:02  Zergling x6  
  127  7:05  Baneling  
  127  7:06  Baneling x3  
  127  7:09  Zergling x4  
  127  7:11  Queen x2  
  127  7:13  Zergling x16  
  134  7:24  Zergling x14  
  134  7:28  Zergling x2  
  132  7:32  Zerg Melee Weapons Level 2, Zerg Ground Armor Level 2  
  132  7:35  Drone x3  
  132  7:36  Infestation Pit  
  134  7:40  Zergling x8  
  134  7:42  Drone x5  
  143  7:52  Drone x5  
  143  7:54  Baneling x8  
  143  7:56  Baneling x2  
  148  7:58  Overlord  
  148  8:04  Overlord  
  148  8:07  Baneling x7  
  148  8:11  Overlord  
  148  8:14  Overlord x2  
  148  8:15  Overlord  
  148  8:16  Zergling x2  
  148  8:17  Zergling x2  
  152  8:21  Hive  
  152  8:24  Zergling x24  
  160  8:33  Drone x2  
  162  8:35  Drone  
  162  8:37  Spore Crawler, Extractor  
  161  8:43  Zergling x16  
  169  8:49  Zergling x2  
  169  8:50  Zergling x10  
  169  8:51  Baneling x11  
  169  8:53  Hatchery  
  166  8:57  Extractor  
  166  8:58  Zergling x16  
  166  9:02  Zergling x8  
  164  9:07  Zergling x6  
  167  9:15  Zergling x10  
  172  9:23  Baneling x22  
  171  9:25  Zergling x10  
  171  9:31  Baneling x6  
  176  9:33  Zergling x12  
  176  9:34  Overlord  
  176  9:37  Zergling x2  
  176  9:38  Zergling x2  
  179  9:45  Zergling x6  
  179  9:47  Queen x2  
  179  9:48  Zergling x8, Overlord  
  180  9:56  Zergling x14  
  161  10:01  Queen x2  
  161  10:04  Zergling x10  
  161  10:06  Zerg Melee Weapons Level 3  
  147  10:10  Viper  
  147  10:13  Zergling x10  
  150  10:16  Zergling x4  
  150  10:20  Baneling x2  
  152  10:23  Zergling x4  
  152  10:28  Zerg Ground Armor Level 3  
  154  10:32  Spore Crawler  
  154  10:33  Zergling x8  
  154  10:34  Hatchery  
  154  10:40  Zergling x12  
  149  10:47  Zergling x8  
  150  10:51  Ultralisk Cavern  
  146  10:57  Spawning Pool, Zergling x16  
  153  11:05  Overseer  
  153  11:06  Lair  
  153  11:12  Overlord  
  153  11:15  Zergling x8  
  153  11:18  Hatchery  
  153  11:20  Zergling x8  
  153  11:26  Zergling x8  
  153  11:32  Zergling x4  
  153  11:37  Chitinous Plating  
  153  11:42  Extractor  
  153  11:44  Extractor x2  
  153  11:46  Baneling  
  153  11:47  Baneling x3  
  144  11:52  Zergling x16  
  148  12:06  Zergling x8  
  148  12:12  Baneling x6  
  148  12:13  Baneling x3  
  141  12:17  Zergling x16  
  141  12:26  Queen x2  
  119  12:30  Zergling x10  
  119  12:34  Queen x2  
  112  12:44  Zergling x10  
  112  12:50  Zergling x6  
  99  12:57  Ultralisk  
  93  13:02  Zergling x8  
  92  13:17  Ultralisk  
  98  13:26  Ultralisk  
  104  13:35  Zergling x8  
  105  13:51  Zergling x14  
  105  14:04  Queen  
  106  14:21  Ultralisk  
  112  14:31  Zergling x6  
  114  14:41  Ultralisk  
  115  14:55  Ultralisk  
  115  15:11  Ultralisk  
  120  15:24  Ultralisk  
  123  15:35  Queen  
  118  15:50  Ultralisk  
  102  16:13  Ultralisk  
  104  16:29  Ultralisk  
  109  16:33  Zergling x10  
  107  16:59  Hatchery  
  106  17:01  Infestation Pit  
Tags
 
Add a new tag
Caveats
  • Supply blocks, unpowered buildings, or Contaminate may cause inaccurate times.
  • Supply counts are checked every 10 seconds.